 Dungeon Crawl Stone Soup version 0.29.0-7-g18a832c13a (webtiles) character file.

Game seed: 6348802127088476315

1411 Bartlander the Cleaver (level 8, -2/64 (66) HPs)
             Began as a Hill Orc Fighter on Sept 1, 2022.
             Was an Initiate of Beogh.
             Slain by a chaos spawn (8 damage)
             ... summoned by a kobold demonologist
             ... while paralysed by a chaos spawn
             ... on level 5 of the Dungeon.
             The game lasted 00:17:39 (5311 turns).

Bartlander the Cleaver (Hill Orc Fighter)           Turns: 5311, Time: 00:17:40

HP:   -2/64 (66)    AC: 10    Str: 21    XL:     8   Next: 70%
MP:   1/8           EV:  2    Int:  8    God:    Beogh [......]
Gold: 82            SH:  0    Dex: 10    Spells: 7/7 levels left

rFire   . . .      SeeInvis .   a - +1 war axe
rCold   + . .      Faith    .   o - +0 kite shield
rNeg    . . .      Spirit   .   s - +0 scale mail {rC+}
rPois   .          Reflect  .   n - +0 helmet
rElec   .          Harm     .   (no cloak)
rCorr   .          Rampage  .   m - +0 pair of gloves
Will    .....                   l - +0 pair of boots
Stlth   ..........              (no amulet)
HPRegen 0.20/turn               (no ring)
MPRegen 0.11/turn               (no ring)

@: paralysed, mighty, studying Shields, lightly drained
A: no striking features
a: Renounce Religion


You were on level 5 of the Dungeon.
You worshipped Beogh.
Beogh was noncommittal.
You visited 2 branches of the dungeon, and saw 6 of its levels.

You collected 131 gold pieces.
You spent 49 gold pieces at shops.

Inventory:

Hand Weapons
 a - a +1 war axe (weapon)
 b - a +0 sling
Armour
 l - a +0 pair of boots (worn)
 m - a +0 pair of gloves (worn)
 n - a +0 helmet (worn)
 o - a +0 kite shield (worn)
 s - a +0 scale mail of cold resistance (worn)
Jewellery
 r - a ring of poison resistance
Scrolls
 f - 2 scrolls of vulnerability {unknown}
 k - a scroll of blinking {unknown}
 p - a scroll of identify
Potions
 e - 2 potions of cancellation
 g - 2 potions of magic
 i - a potion of lignification
 j - a potion of invisibility
 q - a potion of attraction {unknown}


   Skills:
 - Level 3.6 Fighting
 + Level 13.6 Axes
 - Level 3.3 Armour
 - Level 3.3 Shields


You had 7 spell levels left.
You didn't know any spells.
Your spell library contained the following spells:

 Spells                   Type           Power      Damage    Failure   Level
 Confusing Touch          Hex            0%         N/A       100%        3
 Corpse Rot               Necr/Pois/Air  0%         N/A       100%        4
 Dispel Undead            Necr           0%         3d6       100%        4
 Yara's Violent Unravell  Hex/Tmut       0%         3d3       100%        5
 Death Channel            Necr           0%         N/A       100%        6
 Enfeeble                 Hex            0%         N/A       100%        7


Dungeon Overview and Level Annotations

Branches:
Dungeon (5/15)             Temple (1/1) D:5

Altars:
Cheibriados
Dithmenos
Elyvilon
Fedhas
Gozag
Hepliaklqana
Kikubaaqudgha
Makhleb
Nemelex Xobeh
Okawaru
Uskayaw
Vehumet
Wu Jian
Xom
Zin
The Shining One

Shops:
D:4 *


Message History

You block the kobold demonologist's attack.
The grasping roots constrict you.
You slash the kobold demonologist!
The kobold demonologist is moderately wounded.
The kobold demonologist mumbles some strange words.
The grasping roots constrict you.
The grasping roots release their grip on you.
You closely miss the kobold demonologist.
The kobold demonologist is moderately wounded.
You block the kobold demonologist's attack.
The chaos spawn splatters into many small globs of multi-coloured light, then recombines.
You hit the kobold demonologist.
The kobold demonologist is moderately wounded.
The kobold demonologist looks braver for a moment.
You barely miss the kobold demonologist.
The kobold demonologist is moderately wounded.
You hit the chaos spawn.
The kobold demonologist hits you but does no damage.
The chaos spawn gores you. The chaos spawn freezes you! You resist.
You closely miss the kobold demonologist.
The kobold demonologist is moderately wounded.
You hit the chaos spawn but do no damage.
The kobold demonologist hits you but does no damage.
The chaos spawn gores you!
You feel your power leaking away.
You feel very mighty all of a sudden.
The kobold demonologist hits you with a +0 dagger.
The chaos spawn gores you!
* * * LOW HITPOINT WARNING * * *
You suddenly lose the ability to move!
The kobold demonologist hits you but does no damage.
The chaos spawn completely misses you.
The kobold demonologist hits you but does no damage.
The chaos spawn hits you!
* * * LOW HITPOINT WARNING * * *
You feel drained.
* * * LOW HITPOINT WARNING * * *
The kobold demonologist completely misses you.
The chaos spawn gores you!
You die...

#..#####....P♣......#####..<
##..........................
#########....(#....##..##.#
#####...#.#...###.#
#...#....### #.# #...#...##
#.# ####.#.....# #.#
#####....#..#...# #.#
#####.....@###..#.#..# ##†#
###....>...4K###..#.##..##...
#.................#.###..#.)#
#..5.#.........##....###....#
##45#K#.#....#..####..#......#
#...)###....##..#####.#.###...
#...## #######..##............
#.##..:... ..###.........#..
#.. ##.### ##.# #.........#..


You could see a kobold demonologist and a chaos spawn (summoned).

Vanquished Creatures
  A kobold demonologist (D:5)
  Prince Ribbit (D:5)
  A water moccasin (D:4)
  An ice beast (D:5)
  An ogre (D:5)
  A phantom (D:4)
  A gnoll sergeant (D:4)
  2 scorpions (D:5)
  A hound (D:5)
  2 jellies (D:4)
  2 orc priests (D:4)
  Ijyb (D:3)
  An iguana (D:5)
  3 orc wizards
  4 adders
  A shadow imp (D:4)
  3 worms
  4 dart slugs (D:2)
  12 orcs
  A bat (D:1)
  6 endoplasms
  3 giant cockroaches
  4 goblins
  9 hobgoblins
  10 jackals
  7 kobolds
  3 quokkas
  6 ball pythons
  2 frilled lizards (D:2)
  9 rats
103 creatures vanquished.

Vanquished Creatures (others)
  An orc priest (D:4)
  An orc (D:4)
  An endoplasm (D:4)
  2 kobolds (D:4)
  6 plants (D:3)
11 creatures vanquished.

Grand Total: 114 creatures vanquished

Notes
Turn   | Place    | Note
-------+----------+-------------------------------------------
     0 | D:1      | Bartlander the Hill Orc Fighter began the quest for the
                  | Orb.
     0 | D:1      | Reached XP level 1. HP: 19/19 MP: 1/1
   163 | D:1      | Reached skill level 3 in Axes
   344 | D:1      | Reached XP level 2. HP: 26/27 MP: 2/2
   519 | D:1      | Reached skill level 4 in Axes
   788 | D:1      | Reached XP level 3. HP: 33/33 MP: 3/3
   945 | D:2      | Reached skill level 5 in Axes
  1057 | D:2      | Reached XP level 4. HP: 27/40 MP: 4/4
  2077 | D:3      | Noticed Ijyb
  2081 | D:3      | Paralysed by Ijyb for 4 turns
  2092 | D:3      | Paralysed by Ijyb for 3 turns
  2098 | D:3      | Paralysed by Ijyb for 5 turns
  2120 | D:3      | Killed Ijyb
  2121 | D:3      | Reached skill level 6 in Axes
  2247 | D:3      | Found a hide-covered altar of Uskayaw.
  2347 | D:3      | Found a burning altar of Makhleb.
  2404 | D:3      | Reached XP level 5. HP: 46/46 MP: 5/5
  2511 | D:3      | Reached skill level 7 in Axes
  2886 | D:4      | Found a shadowy altar of Dithmenos.
  3058 | D:4      | Reached skill level 8 in Axes
  3058 | D:4      | Reached XP level 6. HP: 51/52 MP: 6/6
  3123 | D:4      | Became a worshipper of Beogh the Brigand
  3382 | D:4      | Found Muilaoc's General Store.
  3387 | D:4      | Bought a +0 helmet for 49 gold pieces
  3539 | D:4      | Reached skill level 9 in Axes
  3746 | D:4      | Found a shimmering altar of Xom.
  3837 | D:5      | Entered Level 5 of the Dungeon
  3847 | D:4      | Reached XP level 7. HP: 51/58 MP: 7/7
  3905 | D:5      | Found a staircase to the Ecumenical Temple.
  3925 | D:5      | Reached skill level 10 in Axes
  3928 | Temple   | Entered the Ecumenical Temple
  4369 | D:4      | Reached skill level 11 in Axes
  4508 | D:5      | Noticed Prince Ribbit
  4847 | D:5      | Killed Prince Ribbit
  4848 | D:5      | Reached skill level 12 in Axes
  4848 | D:5      | Reached XP level 8. HP: 60/66 MP: 8/8
  4914 | D:5      | Noticed a kobold demonologist
  4924 | D:5      | Noticed a rust devil
  4935 | D:5      | Killed a kobold demonologist
  4936 | D:5      | Reached skill level 13 in Axes
  5042 | D:5      | Noticed a kobold demonologist
  5308 | D:5      | Paralysed by a chaos spawn for 5 turns
  5311 | D:5      | Slain by a chaos spawn

Illustrated notes

Levels and vault maps discovered:
D:1:      spicycebolla_arrival_xxxplode, layout_rooms, solitary_fountain
D:2:      layout_loops_cross
D:3:      layout_loops_ring, mainiacjoe_overflow_alcove_4,
          mainiacjoe_overflow_concentric_impassable, grunt_decor_junction,
          uniq_ijyb
D:4:      layout_cave_pools, general_overflow_altar,
          nicolae_dithmenos_shadow_blocks, serial_shops, shop,
          minmay_manual_macuahuitl
D:5:      layout_rooms, minmay_temple_entry_waves, grunt_ministairs_15,
          serial_park_tiny_2, minmay_manual_monstrance, uniq_prince_ribbit1
Temple:   nicolae_temple_bog_church

Skill      XL: |  1  2  3  4  5  6  7  8 |
---------------+-------------------------+-----
Axes           | 3 4 5 6 8 9 12 13 | 13.6
Fighting       | |  3.6
Armour         | |  3.3
Shields        | |  3.3

Action                   |  1- 3 |  4- 6 |  7- 9 || total
-------------------------+-------+-------+-------++-------
Melee: War axe           |    99 |   186 |    84 ||   369
 Fire: Sling             |       |     4 |     7 ||    11
Invok: Convert to Beogh  |       |     1 |       ||     1
  Use: Scroll            |     5 |     7 |     1 ||    13
       Potion            |       |       |     2 ||     2
Armor: Scale mail        |    34 |    75 |    40 ||   149
Dodge: Dodged            |    44 |    58 |    26 ||   128
Block: Buckler           |    18 |    31 |       ||    49
       Kite shield       |       |     6 |    41 ||    47
